 Dungeon Crawl Stone Soup version 0.31.0-11-ge490571c62 (webtiles) character file.

Game seed: 17719246546680252726

268558 monsoonserge the Fencer (level 19, -4/167 HPs)
             Began as a Green Draconian Reaver on Feb 1, 2024.
             Was the Champion of Makhleb.
             Slain by a thorn hunter (13 damage)
             ... in a wizard's laboratory on Feb 2, 2024.
             The game lasted 03:36:33 (43428 turns).

monsoonserge the Fencer (Green Draconian Reaver)   Turns: 43428, Time: 03:36:33

Health: -4/167     AC: 19    Str: 20    XL:     19   Next: 38%
Magic:  23/31      EV: 22    Int: 17    God:    Makhleb [******]
Gold:   2608       SH:  5    Dex: 24    Spells: 7/28 levels left

rFire   + . .        V - +11 plutonium sword {^Contam Stlth-}
rCold   + . .        (shield currently unavailable)
rNeg    + . .        (body armour unavailable)
rPois   +            Q - +2 hat
rElec   +            r - +0 cloak of Duump {Rampage rPois rF+ Regen+}
rCorr   .            G - +2 pair of gloves
SInv    .            U - +2 pair of boots
Will    +....        A - amulet of reflection
Stlth   +            K - ring "Cyod" {rElec rC+ rN+ Int+3 Dex+6}
HPRegen 1.27/turn    X - +6 ring of dexterity
MPRegen 0.22/turn

%: reflection, rampage
@: lethally poisoned (-4 -> -11), afraid, grasped by roots, on blink cooldown,
constricted, studying Polearms, very slow
A: breathe noxious fumes, AC +10, unfitting armour, stinger 1, poison
resistance, cold-blooded
}: 2/15 runes: decaying, serpentine
a: Breathe Noxious Fumes, Renounce Religion, Minor Destruction, Lesser Servant
of Makhleb, Major Destruction, Greater Servant of Makhleb


You were in a wizard's laboratory.
You worshipped Makhleb.
Makhleb was exalted by your worship.
You visited 6 branches of the dungeon, and saw 32 of its levels.
You also visited: Bailey, Ice Cave and Wizlab.

You collected 4144 gold pieces.
You spent 1536 gold pieces at shops.

Inventory:

Hand Weapons
 V - the +11 plutonium sword (weapon) {^Contam Stlth-}
   (You found it in an ice cave)

   ^Contam:   It causes magical contamination when unequipped.
   Stlth-:    It makes you less stealthy.
Missiles
 e - 3 javelins
 f - 3 curare-tipped darts
 n - 37 poisoned darts (quivered)
 t - 29 boomerangs
 F - a throwing net
 Y - 10 atropa-tipped darts
Armour
 r - the +0 cloak of Duump (worn) {Rampage rPois rF+ Regen+}
   (You bought it in a shop on level 2 of the Orcish Mines)

   rF+:       It protects you from fire.
   rPois:     It protects you from poison Regen+: It increases your rate of
   health regeneration.
   Rampage:   It bestows one free step when moving towards enemies.
 G - a +2 pair of gloves (worn)
 Q - a +2 hat (worn)
 U - a +2 pair of boots (worn)
Jewellery
 w - a ring of protection from fire
 A - an amulet of reflection (around neck)
 K - the ring "Cyod" (left hand) {rElec rC+ rN+ Int+3 Dex+6}
   (You found it on level 7 of the Dungeon)

   [ring of dexterity]

   Int+3:     It affects your intelligence (+3).
   Dex+6:     It affects your dexterity (+6).
   rC+:       It protects you from cold.
   rElec:     It insulates you from electricity.
   rN+:       It protects you from negative energy.
 X - a +6 ring of dexterity (right hand)
Wands
 l - a wand of digging (31)
 J - a wand of paralysis (25)
 T - a wand of polymorph (11)
 Z - a wand of roots (26)
Scrolls
 c - 3 scrolls of blinking
 i - 8 scrolls of teleportation
 j - 12 scrolls of fog
 m - 5 scrolls of immolation
 q - 3 scrolls of fear
 x - 2 scrolls of silence
 E - 2 scrolls of butterflies
 O - a scroll of poison
 P - 8 scrolls of revelation
Potions
 a - 5 potions of attraction
 b - 5 potions of ambrosia
 d - 18 potions of curing
 g - 5 potions of brilliance
 h - 8 potions of might
 k - a potion of resistance
 o - 8 potions of lignification
 p - 2 potions of heal wounds
 u - 3 potions of magic
 C - 5 potions of mutation
 D - 10 potions of haste
 L - 5 potions of berserk rage
 M - 2 potions of enlightenment
 R - 7 potions of invisibility
 S - 2 potions of cancellation
Miscellaneous
 y - a box of beasts
 B - a phial of floods
 H - a phantom mirror
 I - a lightning rod (4/4)
 W - a tin of tremorstones (2/2)


   Skills:
 + Level 14.1 Fighting
 + Level 20.3 Long Blades
 - Level 12.1 Axes
 * Level 3.8 Throwing
 + Level 14.9 Dodging
 + Level 3.9 Stealth
 - Level 5.0 Spellcasting
 - Level 4.0 Conjurations
 - Level 7.0 Necromancy
 - Level 8.0 Translocations
 - Level 3.0 Air Magic
 - Level 5.0 Alchemy
 + Level 16.0 Invocations
 - Level 6.0 Evocations


You had 7 spell levels left.
You knew the following spells:

 Your Spells              Type           Power      Damage    Failure   Level
a - Kiss of Death         Conj/Necr      88%        2d12      1%          1
b - Manifold Assault      Tloc           31%        N/A       5%          4
c - Passage of Golubria   Tloc           31%        N/A       5%          4
d - Fugue of the Fallen   Necr           28%        N/A       2%          3
e - Blink                 Tloc           62%        N/A       1%          2
f - Mephitic Cloud        Conj/Alch/Air  17%        N/A       9%          3
g - Animate Dead          Necr           28%        N/A       8%          4

Your spell library contained the following spells:

 Spells                   Type           Power      Damage    Failure   Level
 Momentum Strike          Conj/Tloc      48%        3d9       1%          2
 Sublimation of Blood     Necr           28%        N/A       1%          2
 Magic Dart               Conj           68%        1d6       2%          1
 Cigotuvi's Dreadful Rot  Necr/Alch/Air  42%        N/A       2%          2
 Dispel Undead            Necr           28%        3d13      8%          4
 Iskenderun's Mystic Bla  Conj/Tloc      24%        2d7       12%         4
 Summon Small Mammal      Summ           16%        N/A       14%         1
 Dazzling Flash           Conj/Hex       22%        N/A       19%         3
 Hailstorm                Conj/Ice       11%        3d6       19%         3
 Stone Arrow              Conj/Erth      22%        3d8       19%         3
 Olgreb's Toxic Radiance  Alch           21%        N/A       19%         4
 Call Imp                 Summ           8%         N/A       22%         2
 Ensorcelled Hibernation  Hex/Ice        8%         N/A       22%         2
 Curse of Agony           Necr           28%        N/A       22%         5
 Dimensional Bullseye     Hex/Tloc       8%         N/A       26%         4
 Anguish                  Hex/Necr       8%         N/A       32%         4
 Martyr's Knell           Necr/Summ      16%        N/A       32%         4
 Call Canine Familiar     Summ           4%         N/A       38%         3
 Inner Flame              Hex/Fire       4%         N/A       38%         3
 Summon Ice Beast         Ice/Summ       4%         N/A       38%         3
 Tukima's Dance           Hex            4%         N/A       38%         3
 Sticky Flame             Fire/Alch      12%        2d5       45%         4
 Brom's Barrelling Bould  Conj/Erth      11%        2d3       52%         4
 Flame Wave               Conj/Fire      11%        2d6       52%         4
 Irradiate                Conj/Alch      9%         3d14      52%         5
 Iskenderun's Battlesphe  Conj           17%        2d7       58%         5
 Dispersal                Tloc           15%        N/A       63%         6
 Borgnjor's Vile Clutch   Necr/Erth      8%         N/A       67%         5
 Death Channel            Necr           14%        N/A       77%         6
 Summon Blazeheart Golem  Fire/Summ      4%         N/A       80%         4
 Fireball                 Conj/Fire      5%         3d5       86%         5
 Silence                  Hex/Air        4%         N/A       91%         5
 Conjure Ball Lightning   Conj/Air       8%         3x3d6     99%         6
 Sculpt Simulacrum        Ice/Alch       6%         N/A       100%        6
 Haunt                    Necr/Summ      8%         N/A       100%        7
 Orb of Destruction       Conj           8%         9d6       100%        7
 Ozocubu's Refrigeration  Ice            2%         4d7       100%        7
 Summon Hydra             Summ           2%         N/A       100%        7
 Borgnjor's Revivificati  Necr           14%        N/A       100%        8
 Discord                  Hex            2%         N/A       100%        8
 Disjunction              Tloc           15%        N/A       100%        8
 Ignition                 Fire           2%         3d3       100%        8
 Lehudib's Crystal Spear  Conj/Erth      5%         10d3      100%        8
 Death's Door             Necr           14%        N/A       100%        9
 Animate Armour           Summ/Erth      Unusable   N/A       N/A         4

Dungeon Overview and Level Annotations

Branches:
Dungeon (15/15)            Temple (0/1) D:7            Lair (5/5) D:9
  Swamp (4/4) Lair:3        Snake (4/4) Lair:2        Slime (0/5) Lair:5
    Orc (2/2) D:9             Elf (0/3) Orc:2        Vaults (2/5) D:14
 Depths (0/4) D:15         Bailey (visited)           IceCv (visited)
 WizLab (1/1)
  Crypt: Vaults:2-3

Altars:
Cheibriados
Dithmenos
Elyvilon
Gozag
Hepliaklqana
Kikubaaqudgha
Makhleb
Nemelex Xobeh
Qazlal
Ru
Sif Muna
Uskayaw
Xom
Yredelemnul
The Shining One

Shops:
D:2 [(!(   D:3 *   Orc:2 [[::!   Snake:4 (!=(

Annotations:
D:15 Roxanne


Innate Abilities, Weirdness & Mutations

You can breathe blasts of noxious fumes.
Your lurid green scales are hard. (AC +10)
You cannot fit into any form of body armour.
Your tail ends in a venomous barb.
Your system is resistant to poisons. (rPois)
You are cold-blooded and may be slowed by cold attacks.


Message History

Your unstable footing causes you to fumble your attack.
You fester in the toxic bog.
You partially resist.
You are more poisoned.
* * * LOW HITPOINT WARNING * * *
You feel very sick.
The centaur warrior shoots an arrow.
The arrow completely misses you. The fenstrider witch barely misses you.
The fenstrider witch kicks you!
* * * LOW HITPOINT WARNING * * *
The hornet is engulfed in freezing vapours.
The hornet stings the shambling mangrove.
Your hornet zombie is engulfed in freezing vapours.
Your hornet zombie hits the naga sharpshooter but does no damage.
The thorn hunter fires a volley of thorns at you.
The volley of thorns hits you!
* * * LOW HITPOINT WARNING * * *
The satyr is engulfed in freezing vapours.
The satyr plays a frightful melody on its pipes!
The satyr radiates an aura of fear!
You are terrified of the satyr!
Roots burst forth from the earth!
Roots grab your hornet zombie.
The grasping roots constrict your hornet zombie!
The grasping roots constrict you!
* * * LOW HITPOINT WARNING * * *
You hear a shout!
You feel much better.
You fester in the toxic bog!
You partially resist.
You are more poisoned.
* * * LOW HITPOINT WARNING * * *
x2 You feel very sick.
The centaur warrior shoots an arrow.
The arrow barely misses you.
The hornet is engulfed in freezing vapours.
The hornet stings the shambling mangrove but does no damage.
The naga sharpshooter unwields a +0 shortbow.
The naga sharpshooter wields a +0 glaive.
The naga sharpshooter hits your hornet zombie with a +0 glaive!!
Your hornet zombie is destroyed!
The fenstrider witch hits you but does no damage.
The fenstrider witch completely misses you.
The thorn hunter completely misses you. The thorn hunter hits you!
You die...

♣♣...♣♣ .♣ ♣♣...♣♣♣ ..♣
♣♣...♣♣♣♣ ...♣ ♣♣...♣♣♣♣.
♣...♣ ♣♣♣♣#♣♣♣♣...♣♣♣♣..
♣....♣♣:...)♣♣....♣♣...∩
♣......☼○○Z...♣♣♣.....
♣♣...cf§§.[..♣♣#....♣⌠
♣....@Hfy.....♣♣#.....
♣P..♣♣☼cN○2♣♣..P♣♣♣...∩ ♣#
♣♣#♣#♣♣♣♣♣#♣ ♣♣♣.. ♣♣#.♣ ♣♣♣♣♣
♣.#♣♣♣♣. ♣♣...♣ ♣♣.♣|♣♣
♣...♣♣♣♣ ♣...♣ ♣♣.....♣♣ ♣...♣
♣ ♣♣..♣♣ ♣.......♣ ♣♣..♣♣♣
♣♣.P..♣♣ ♣♣...Z.♣♣ ♣♣..♣.♣♣
.♣......♣♣♣♣♣##∩##♣♣♣♣♣......♣


You could see a thorn hunter, a shambling mangrove (unaware), a naga
sharpshooter (unaware, ally target), a satyr (scary), a fenstrider witch, a
centaur warrior, a hornet (confused), a friendly blizzard demon (summoned) and a
friendly deep elf archer zombie (paralysed).

Vanquished Creatures
  Mara (Swamp:3)
  Saint Roka (Snake:4)
  Norris (Vaults:1)
  Jorgrun (Snake:2)
  Asterion (Snake:1)
  2 sphinxes
  Gastronok (D:8)
  3 thorn hunters
  Donald (Snake:1)
  A fenstrider witch (WizLab)
  4 nagarajas (Snake:4)
  A frost giant (Vaults:1)
  An orc warlord (Orc:2)
  A reaper (IceCv)
  7 ironbound preservers (Vaults:1)
  A formless jellyfish (Vaults:1)
  4 ironbound thunderhulks (Vaults:1)
  A deep elf demonologist (Vaults:1)
  3 eleionomae
  6 bunyips
  The ghost of Feulaj the Severer, a journeyman MiBe of Trog (Lair:3)
  A spark wasp (Swamp:3)
  Snorg (Lair:3)
  A deep elf high priest (Vaults:1)
  3 shambling mangroves
  An ettin (Swamp:3)
  Josephine (Lair:3)
  A yaktaur captain (Vaults:1)
  A great orb of eyes (Vaults:1)
  2 salamander tyrants
  2 ogre magi
  20 hydras
  6 alligators
  A ghost crab (Swamp:4)
  2 ironbound frosthearts (Vaults:1)
  2 catoblepae
  17 anacondas
  7 centaur warriors
  5 boulder beetles
  12 naga warriors
  9 two-headed ogres
  A deep troll earth mage (D:15)
  A death yak (Lair:2)
  A dancing weapon (Lair:3)
  7 shock serpents
  3 orc high priests (Orc:2)
  12 naga sharpshooters
  An occultist (D:15)
  A deep elf knight (D:13)
  Nergalle (Lair:1)
  6 skysharks
  Lodul (D:11)
  5 salamander mystics
  An anaconda zombie (Snake:2)
  5 spectral anacondas (Snake:2)
  5 sea snakes
  2 glowing orange brains (Vaults:1)
  A flayed ghost (Vaults:1)
  4 goliath frogs
  19 deep trolls (Vaults:1)
  8 bog bodies
  3 spriggan druids
  12 swamp dragons
  An arcanist (D:14)
  7 mana vipers
  7 naga ritualists
  7 lindwurms
  A sun moth (Snake:4)
  5 deep elf archers
  3 ironbound convokers
  A deep elf pyromancer (D:13)
  5 orc knights
  3 anaconda skeletons (Snake:2)
  5 manticores
  16 ugly things
  An oklob plant (Lair:4)
  A faun (WizLab)
  2 orc sorcerers (Orc:2)
  18 salamanders
  6 will-o-the-wisps
  5 cyclopes
  Joseph (D:9)
  A kobold blastminer (Orc:2)
  An ice statue (IceCv)
  6 elephants
  3 vault sentinels
  2 water nymphs
  4 guardian serpents
  40 black mambas
  16 naga magi
  23 cane toads
  A gargoyle (D:12)
  A freezing wraith (IceCv)
  Jeremiah (D:8)
  A torpor snail (Lair:1)
  12 yaktaurs
  2 rime drakes
  9 komodo dragons
  2 tengu conjurers
  11 anaconda simulacra
  A queen bee (Orc:2)
  2 burning bushes (Lair:5)
  12 trolls
  A wind drake (Snake:4)
  A merfolk (Snake:2)
  4 polar bears
  A wolf spider simulacrum (D:14)
  12 tyrant leeches
  13 blink frogs
  13 hornets
  2 shadows
  14 slime creatures
  9 wyverns
  A vampire (D:13)
  5 wraiths
  7 spriggans
  43 yaks
  2 basilisks
  4 wargs
  3 redbacks
  A steam dragon (D:6)
  2 death yak simulacra (IceCv)
  12 vampire mosquitoes
  17 swamp worms
  35 nagas
  9 water moccasins
  4 acid dragons
  12 swamp drakes
  17 orc warriors
  A sky beast (D:8)
  2 black bears
  6 centaurs
  19 ogres
  2 phantoms
  A kobold brigand (D:8)
  10 bullfrogs
  A gnoll sergeant (D:9)
  A scorpion (D:5)
  3 cane toad simulacra (IceCv)
  5 two-headed ogre simulacra (IceCv)
  3 wights (D:7)
  5 howler monkeys
  18 killer bees
  12 orc priests
  4 hounds
  A jelly (D:6)
  Crazy Yiuf (D:5)
  2 sleepcaps
  4 iguanas
  23 orc wizards
  8 troll simulacra (IceCv)
  4 hell rats (Lair:1)
  2 polar bear simulacra (IceCv)
  8 spriggan simulacra (IceCv)
  2 wolf simulacra (IceCv)
  9 adders
  17 gnolls
  4 naga simulacra (IceCv)
  2 shadow imps
  8 white imps
  6 ufetubi (IceCv)
  2 ribbon worms
  6 dart slugs
  67 orcs
  3 bats (D:1)
  6 endoplasms
  14 giant cockroaches
  26 goblins
  3 hobgoblins
  24 kobolds
  6 quokkas
  7 ball pythons
  2 frilled lizards (D:1)
  9 rats
1097 creatures vanquished.

Vanquished Creatures (collateral kills)
  An orc warlord (Bailey)
  A formless jellyfish (Vaults:1)
  2 ironbound preservers (Vaults:1)
  An ettin (Vaults:1)
  An entropy weaver (Vaults:1)
  A yaktaur captain (Vaults:1)
  An alligator (Swamp:2)
  An ogre mage (Vaults:1)
  An ironbound frostheart (Vaults:1)
  A hydra (Swamp:2)
  A centaur warrior (D:14)
  A death yak (Lair:2)
  A skyshark (Vaults:1)
  7 deep trolls (Vaults:1)
  An anaconda skeleton (Snake:2)
  An ironbound convoker (Vaults:1)
  A will-o-the-wisp (Swamp:2)
  A cyclops (D:11)
  2 vault sentinels (Vaults:1)
  A naga mage (Snake:3)
  A human zombie (Vaults:1)
  A tyrant leech (Swamp:3)
  2 hornets
  3 slime creatures (Vaults:1)
  A vampire (D:5)
  3 yaks (D:8)
  A vampire mosquito (D:11)
  A water moccasin (D:5)
  3 orc warriors
  A centaur (D:8)
  A yaktaur zombie (Vaults:1)
  2 bullfrogs
  An orc priest (D:5)
  An orc wizard (D:5)
  An adder (D:5)
  A shadow imp (D:5)
  3 orcs
  A goblin (Bailey)
  2 kobolds (Bailey)
58 creatures vanquished.

Vanquished Creatures (others)
  2 ogre zombies (Vaults:1)
  A salamander (Snake:3)
  2 bloated husks
  An elf zombie (WizLab)
  3 skyshark zombies (Vaults:1)
  13 deep troll zombies (Vaults:1)
  A faun zombie (WizLab)
  A swamp drake (Swamp:4)
  A human zombie (Vaults:1)
  2 hornet zombies (WizLab)
  2 lindwurm zombies (Vaults:1)
  A naga zombie (WizLab)
  2 yaktaur zombies
  3 orc wizards (Orc:2)
  An orc (Orc:2)
  36 foxfires
72 creatures vanquished.

Grand Total: 1227 creatures vanquished

Notes
Turn   | Place    | Note
-------+----------+-------------------------------------------
     0 | D:1      | monsoonserge the Draconian Reaver began the quest for the
                  | Orb.
     0 | D:1      | Reached XP level 1. HP: 17/17 MP: 3/3
   191 | D:1      | Reached XP level 2. HP: 24/24 MP: 5/5
   237 | D:1      | Found a faded altar of an unknown god.
   281 | D:1      | Prayed at the altar of an unknown god.
   281 | D:1      | Became a worshipper of Makhleb the Destroyer
   281 | D:1      | Reached * piety under Makhleb
   515 | D:1      | Reached XP level 3. HP: 30/30 MP: 6/6
   703 | D:2      | Found Qiry's Antique Weapon Shop.
   771 | D:2      | Reached ** piety under Makhleb
   875 | D:2      | Found Kuosseam's Armour Shop.
  1074 | D:2      | Found Udufyc's Weapon Emporium.
  1214 | D:2      | Reached XP level 4. HP: 37/37 MP: 7/7
  1252 | D:2      | Found Kiehuk's Distillery.
  1367 | D:3      | Found Duheedufri's Assorted Antiques.
  1491 | D:3      | Reached skill level 1 in Invocations
  1506 | D:3      | Reached skill level 1 in Stealth
  1506 | D:3      | Reached XP level 5. HP: 30/45 MP: 8/8
  1530 | D:3      | Reached *** piety under Makhleb
  1719 | D:3      | Found a glowing golden altar of the Shining One.
  1723 | D:3      | Noticed an angel
  1730 | D:3      | Found a basalt altar of Yredelemnul.
  1733 | D:3      | Noticed a profane servitor
  1762 | D:3      | Found a hide-covered altar of Uskayaw.
  2050 | D:3      | Reached XP level 6. HP: 37/51 MP: 9/9
  2266 | D:4      | Found a sacrificial altar of Ru.
  2281 | D:4      | Found a stormy altar of Qazlal.
  2450 | D:4      | Identified the +1 cloak "Hemnant" {rF- Dex+3}
  2652 | D:4      | Reached skill level 5 in Fighting
  2652 | D:4      | Your scales start taking on a lurid green colour.
  2652 | D:4      | Reached XP level 7. HP: 9/57 MP: 8/10
  2652 | D:4      | Gained mutation: Your system is resistant to poisons.
                  | (rPois) [Green Draconian growth]
  2663 | D:4      | Reached **** piety under Makhleb
  3182 | D:5      | Entered Level 5 of the Dungeon
  3370 | D:2      | Bought a shimmering quarterstaff for 234 gold pieces
  3370 | D:2      | Identified the +1 quarterstaff "Fisofom" {drain, Str+4}
                  | (You bought it in a shop on level 2 of the Dungeon)
  3524 | D:5      | Noticed a vampire
  3561 | D:5      | Killed a vampire
  3562 | D:5      | Reached XP level 8. HP: 52/70 MP: 11/11
  3578 | D:5      | Reached skill level 5 in Dodging
  3578 | D:5      | Reached skill level 5 in Invocations
  3934 | D:5      | Found an opulent altar of Gozag.
  4186 | D:5      | Found a runed translucent door.
  4187 | D:5      | Noticed Crazy Yiuf
  4240 | D:5      | Found an ancient bone altar of Kikubaaqudgha.
  4263 | D:5      | Found a hazy altar of Hepliaklqana.
  4438 | D:3      | Bought a scroll labelled EMENIUWOOME for 25 gold pieces
  4438 | D:3      | Bought a fizzy yellow potion for 22 gold pieces
  4552 | D:6      | HP: 2/40 [steam dragon/ball of steam (12)]
  4808 | D:3      | Bought a scroll labelled ISKAFESUCH for 25 gold pieces
  4808 | D:3      | Bought a scroll labelled VOOLAP NETOCO for 25 gold pieces
  5577 | D:6      | Reached XP level 9. HP: 55/69 MP: 14/14
  5688 | D:6      | Identified the +1 leather armour of the Tormentor {Rampage
                  | Str+8 Dex-2 Slay-2}
  5719 | D:6      | Reached skill level 5 in Axes
  5859 | D:7      | Found a flagged portal.
  5876 | Bailey   | Entered a bailey
  5881 | Bailey   | Noticed an orc warlord
  6006 | Bailey   | Found a runed translucent gate.
  6022 | Bailey   | Found a runed translucent gate.
  6023 | Bailey   | Found a runed translucent gate.
  6219 | Bailey   | Killed an orc warlord
  6237 | Bailey   | Identified the staff of Sunlight {rC+ Conj Tloc Ice}
  6254 | Bailey   | Acquired a manual of Dodging
  6471 | D:3      | Bought a copper wand for 100 gold pieces
  6552 | D:5      | Killed Crazy Yiuf
  6936 | D:7      | Found a staircase to the Ecumenical Temple.
  6963 | D:7      | Identified the ring "Cyod" {rElec rC+ rN+ Int+3 Dex+6}
  7273 | D:7      | Found a sparkling altar of Nemelex Xobeh.
  7709 | D:8      | Noticed a troll
  7723 | D:7      | Killed a troll
  7724 | D:7      | Reached XP level 10. HP: 30/86 MP: 17/17
  8118 | D:8      | Noticed a two-headed ogre
  8129 | D:8      | Killed a two-headed ogre
  8248 | D:8      | Noticed Jeremiah
  8252 | D:8      | Killed Jeremiah
  8473 | D:8      | Found a shimmering altar of Xom.
  9011 | D:9      | Noticed Gastronok
  9011 | D:9      | Found a staircase to the Orcish Mines.
  9024 | D:8      | Killed Gastronok
  9025 | D:8      | Reached skill level 10 in Invocations
  9393 | D:2      | Bought a potion of heal wounds for 70 gold pieces
  9393 | D:2      | Bought a potion of invisibility for 112 gold pieces
  9637 | D:9      | Noticed Joseph
  9773 | D:9      | Noticed a two-headed ogre
  9779 | D:9      | Killed a two-headed ogre
  9780 | D:9      | Reached XP level 11. HP: 94/94 MP: 18/18
  9868 | D:9      | Killed Joseph
  9869 | D:9      | Reached skill level 10 in Axes
  9882 | D:9      | Reached ***** piety under Makhleb
 10014 | D:9      | Found a staircase to the Lair.
 10629 | D:9      | Found a shadowy altar of Dithmenos.
 10892 | D:10     | Entered Level 10 of the Dungeon
 11155 | D:10     | Found a snail-covered altar of Cheibriados.
 11249 | D:10     | Found a shimmering blue altar of Sif Muna.
 11986 | D:11     | Reached skill level 1 in Evocations
 12079 | D:11     | Noticed a two-headed ogre
 12087 | D:11     | Killed a two-headed ogre
 12139 | D:11     | Found a frozen archway.
 12328 | IceCv    | Entered an ice cave
 13424 | IceCv    | Reached XP level 12. HP: 86/104 MP: 20/20
 13532 | IceCv    | Reached skill level 10 in Dodging
 13743 | IceCv    | Noticed a reaper
 13752 | IceCv    | Killed a reaper
 13911 | IceCv    | Found the +11 plutonium sword {^Contam Stlth-}
 14186 | D:11     | Paralysed by a hornet for 3 turns
 14190 | D:11     | Reached skill level 1 in Long Blades
 14259 | D:11     | Reached skill level 2 in Long Blades
 14268 | D:11     | Reached skill level 3 in Long Blades
 14663 | Lair:1   | Entered Level 1 of the Lair of Beasts
 14706 | Lair:1   | Reached skill level 4 in Long Blades
 14733 | Lair:1   | Noticed Nergalle
 14742 | Lair:1   | Killed Nergalle
 14743 | Lair:1   | Reached skill level 5 in Long Blades
 14848 | Lair:1   | Reached skill level 6 in Long Blades
 14937 | Lair:1   | Found a white marble altar of Elyvilon.
 15191 | Lair:1   | Reached ****** piety under Makhleb
 15668 | Lair:1   | Reached skill level 7 in Long Blades
 15733 | Lair:1   | Reached skill level 8 in Long Blades
 15905 | Lair:2   | Found a staircase to the Snake Pit.
 15980 | Lair:2   | Noticed a six-headed hydra
 15990 | Lair:2   | Killed a seven-headed hydra
 15991 | Lair:2   | Reached skill level 9 in Long Blades
 16108 | Lair:2   | Noticed a death yak
 16109 | Lair:2   | Noticed a death yak
 16112 | Lair:2   | Noticed a death yak
 16116 | Lair:2   | Killed a death yak
 16117 | Lair:2   | Killed a death yak
 16118 | Lair:2   | a death yak changed into an anaconda
 16118 | Lair:2   | Noticed an anaconda
 16120 | Lair:2   | Killed an anaconda
 16121 | Lair:2   | Reached XP level 13. HP: 65/111 MP: 21/21
 16288 | Lair:2   | Reached skill level 10 in Long Blades
 16693 | Snake:1  | Entered Level 1 of the Snake Pit
 16856 | Lair:3   | Noticed Snorg
 16869 | Lair:3   | Killed Snorg
 16870 | Lair:3   | Reached skill level 11 in Long Blades
 16972 | Lair:3   | Found a runed translucent door.
 16972 | Lair:3   | Found a shimmering altar of Xom.
 16972 | Lair:3   | Noticed Feulaj's ghost (journeyman MiBe)
 17050 | Lair:3   | Found a staircase to the Swamp.
 17708 | Lair:4   | Noticed Josephine
 17726 | Lair:3   | Killed Josephine
 17727 | Lair:3   | Reached skill level 12 in Long Blades
 18926 | Lair:5   | Entered Level 5 of the Lair of Beasts
 18933 | Lair:5   | Reached skill level 13 in Long Blades
 19495 | Lair:5   | Found a staircase to the Slime Pits.
 19627 | Lair:5   | Gained mutation: Your tail ends in a venomous barb. [Green
                  | Draconian growth]
 19627 | Lair:5   | Reached XP level 14. HP: 73/118 MP: 22/22
 19839 | Lair:5   | Reached skill level 14 in Long Blades
 19911 | Lair:5   | HP: 3/118 [skyshark (4)]
 20987 | Orc:1    | Entered Level 1 of the Orcish Mines
 21124 | Orc:2    | Entered Level 2 of the Orcish Mines
 21513 | Orc:2    | Found Noupoa's Distillery.
 21524 | Orc:2    | Bought a potion of haste for 130 gold pieces
 21525 | Orc:2    | Found a staircase to the Elven Halls.
 22041 | D:12     | Noticed Lodul
 22049 | D:11     | Killed Lodul
 23363 | D:13     | Reached skill level 15 in Long Blades
 23912 | D:13     | Reached skill level 10 in Fighting
 24133 | D:13     | Reached skill level 5 in Evocations
 24741 | D:14     | Found a shadowy altar of Dithmenos.
 25409 | Orc:1    | Noticed an orc warlord
 25708 | Orc:2    | Killed an orc warlord
 25965 | Orc:1    | Reached XP level 15. HP: 124/126 MP: 24/24
 26273 | Orc:2    | Paralysed by an orc sorcerer for 5 turns
 26679 | D:14     | Learned a level 4 spell: Manifold Assault
 26685 | D:14     | Reached skill level 16 in Long Blades
 27180 | D:14     | Reached skill level 1 in Translocations
 27522 | D:14     | Learned a level 4 spell: Passage of Golubria
 27533 | D:14     | Found a gate to the Vaults.
 27753 | D:15     | Entered Level 15 of the Dungeon
 27966 | D:15     | Noticed Roxanne
 28254 | D:15     | Learned a level 3 spell: Fugue of the Fallen
 28693 | D:15     | Found a staircase to the Depths.
 29202 | Orc:2    | Reached skill level 1 in Necromancy
 29338 | Orc:2    | Paralysed by something for 4 turns
 29519 | Orc:2    | Reached skill level 1 in Throwing
 29553 | Orc:2    | Found Ixkulei's Antique Armour Shop.
 29553 | Orc:2    | Found Xodyrph's Book Shoppe.
 29556 | Orc:2    | Found Zesiots's Armour Shop.
 29556 | Orc:2    | Found Othemm's Book Shoppe.
 29576 | Orc:2    | Bought a scorched cloak for 294 gold pieces
 29576 | Orc:2    | Identified the +0 cloak of Duump {Rampage rPois rF+ Regen+}
                  | (You bought it in a shop on level 2 of the Orcish Mines)
 29576 | Orc:2    | Bought a pair of glowing gloves for 232 gold pieces
 29597 | Orc:2    | Bought a book of Minor Magic for 192 gold pieces
 29600 | Orc:2    | Learned a level 2 spell: Blink
 29798 | Lair:3   | Killed Feulaj's ghost
 30710 | Snake:1  | Identified the +2 kite shield "Wyijial" {rF- Str+8 Int+6
                  | Dex-2}
 30710 | Snake:1  | Noticed Donald
 30713 | Snake:1  | Killed Donald
 30836 | Snake:1  | Noticed Asterion
 30849 | Snake:1  | Killed Asterion
 30853 | Snake:1  | Reached XP level 16. HP: 87/137 MP: 26/26
 31371 | Snake:2  | Noticed Jorgrun
 31842 | Snake:2  | Reached skill level 17 in Long Blades
 32992 | Snake:2  | Killed Jorgrun
 32993 | Snake:2  | Reached skill level 5 in Spellcasting
 33066 | Snake:2  | Reached skill level 5 in Translocations
 34061 | Snake:3  | Reached skill level 5 in Necromancy
 34397 | Snake:3  | Reached XP level 17. HP: 146/146 MP: 27/27
 34534 | Snake:4  | Entered Level 4 of the Snake Pit
 34657 | Snake:4  | Found Moicsed's Distillery.
 34660 | Snake:4  | Found Tucot's Antique Weapon Shoppe.
 34660 | Snake:4  | Found Vaocaploas's Antique Weapon Emporium.
 34667 | Snake:4  | Found Fykkoy's Jewellery Shoppe.
 34670 | Snake:4  | Bought a potion of heal wounds for 75 gold pieces
 34925 | Swamp:1  | Entered Level 1 of the Swamp
 34988 | Swamp:1  | Learned a level 3 spell: Mephitic Cloud
 35144 | Swamp:1  | Reached skill level 18 in Long Blades
 35240 | Swamp:1  | Reached skill level 1 in Alchemy
 35739 | Swamp:1  | Reached skill level 1 in Air Magic
 35917 | Swamp:2  | HP: 3/146 [spriggan druid/stone arrow (36)]
 36192 | Snake:4  | Identified the +10 dagger "Ucunystu" {flame, Int+4}
 36194 | Snake:4  | Noticed Saint Roka
 36210 | Snake:4  | Killed Saint Roka
 37708 | Snake:4  | Got a serpentine rune of Zot
 38142 | Swamp:1  | Learned a level 4 spell: Animate Dead
 38583 | Swamp:3  | Identified the +2 scale mail of Hedair {Str+2}
 38673 | Swamp:2  | Reached skill level 5 in Alchemy
 38750 | Swamp:3  | Identified the +1 quarterstaff "Tust" {speed, *Corrode
                  | rPois Str+2 Int+2}
 38941 | Swamp:3  | Reached XP level 18. HP: 107/156 MP: 29/29
 39239 | Swamp:4  | Entered Level 4 of the Swamp
 39306 | Swamp:4  | Noticed Mara
 39311 | Swamp:4  | Noticed monsoonserge's illusion
 39319 | Swamp:4  | Noticed monsoonserge's illusion
 39442 | Swamp:3  | Noticed monsoonserge's illusion
 39453 | Swamp:3  | Killed Mara
 39454 | Swamp:3  | Reached skill level 15 in Invocations
 39910 | Swamp:4  | Reached skill level 19 in Long Blades
 40431 | Swamp:4  | Got a decaying rune of Zot
 41268 | Vaults:1 | Entered Level 1 of the Vaults
 41272 | Vaults:1 | Noticed Norris
 41314 | Vaults:1 | Killed Norris
 42331 | Vaults:1 | Reached XP level 19. HP: 166/166 MP: 30/30
 42402 | Vaults:1 | Reached skill level 20 in Long Blades
 42434 | Vaults:1 | Identified the +0 long sword of Qeduphok {holy, Str+2
                  | Dex+2}
 42689 | Vaults:1 | Identified the +0 plate armour "Kuthiq" {Dex+4}
 43191 | Vaults:2 | Found a magical portal.
 43202 | WizLab   | Entered Eringya's Formal Garden
 43427 | WizLab   | HP: 1/167 [constriction (10)]
 43428 | WizLab   | Slain by a thorn hunter

Illustrated notes

Levels and vault maps discovered:
D:1:      evilmike_arrival_fibonacci_small, layout_basic,
          chequers_ecumenical_altar_island
D:2:      layout_rooms, serial_shops, shop, shop, nicolae_shop_back_alley_shop,
          nicolae_shop_hallway_plus, minmay_hexomino_f4
D:3:      minmay_roachtagon, layout_rooms, grunt_temple_overflow_holy_war,
          mainiacjoe_overflow_cross_hatched, serial_shops, shop,
          chequers_serial_rivers_large_a
D:4:      nicolae_BIG_FREAKIN_CUBE, layout_basic, jmf_multi_god_temple2,
          minmay_ogre_servants
D:5:      cheibrodos_barr_body, layout_cave_pools,
          nicolae_gozag_cash_rules_everything_around_me,
          mainiacjoe_overflow_swirl, uniq_crazy_yiuf_cottage
D:6:      wad_crossroads, layout_basic, chequers_serial_rivers_large_b
D:7:      layout_cave_pods, nemelex_diamond_rough_becter,
          minmay_temple_entry_glassed_door, enter_bailey_5,
          serial_co_window_serial, co_window_paths_b,
          co_window_of_opportunity_a, co_window_corner_a, co_window_paths_a,
          co_window_of_opportunity_a, co_window_paths_a, co_window_paths_b,
          co_window_broadway_b, co_window_corner_ca, co_window_unsneaky_path_d,
          co_window_of_opportunity_b, co_window_broadway_b, co_window_paths_c,
          glass_columns_a, glass_columns_b, glass_columns_b, glass_columns_b,
          glass_columns_a, grunt_decor_one_mirror, minmay_misc_feat_enclosed
D:8:      layout_cave_pods, mainiacjoe_overflow_catwalk, hangedman_decor_points,
          uniq_jeremiah
D:9:      layout_rooms, mainiacjoe_overflow_alcove_1, dpeg_oklobed_lair,
          orc_0_dummy, serial_rivers, chequers_serial_rivers_micro_e,
          chequers_serial_rivers_small_a, chequers_serial_rivers_micro_e,
          chequers_serial_rivers_micro_e, chequers_serial_rivers_small_3,
          uniq_gastronok, uniq_joseph
D:10:     layout_roguey, kennysheep_slug_shrine, tgw_sif
D:11:     layout_rooms, portal_ice_cave_entry_pillars_1,
          hangedman_decor_peaks_small
D:12:     layout_cave_pools, uniq_lodul
D:13:     layout_roguey, beargit_elvish_explorers
D:14:     layout_loops_ring, hangedman_vaults_entry_quadrant_bands,
          minmay_misc_feat_cross, minmay_splitting_lines,
          grunt_dithmenos_shadows
D:15:     hellmonk_depths_entry_around_the_bend, layout_irregular_city,
          amcnicky_mini_pool_small, uniq_roxanne
Lair:1:   layout_roguey, basic_altar, uniq_nergalle
Lair:2:   layout_regular_city, dummy_snake_entry
Lair:3:   layout_chaotic_city, skrybe_swamp_entry_bodies, ebering_ghost_xom,
          uniq_snorg
Lair:4:   layout_regular_city, uniq_josephine
Lair:5:   minmay_lair_end_frog_pond, layout_long_grid, slime_entry_1,
          minmay_stone_trees_large, evilmike_ambush
          [evilmike_ambush_outer_doors, evilmike_ambush_inner_cross]
Swamp:1:  layout_basic_swamp, hangedman_swamp_lotus
Swamp:2:  layout_falls_marsh, nicolae_swamp_ascending_descending
Swamp:3:  layout_falls_marsh, hangedman_swamp_ruin_wall, swamp_pool_1_2,
          nicolae_swamp_bunyip_nook
Swamp:4:  swamp_basic_johnstein, layout_basic_swamp, swamp_pool_5,
          nicolae_swamp_decorative_isthmus, uniq_mara
Snake:1:  layout_chambers, uniq_asterion, uniq_donald
Snake:2:  minmay_snake_river, layout_basic, grunt_ministairs_5, drop_trap,
          nicolae_snake_dead_anacondas, uniq_jorgrun
Snake:3:  layout_rooms, lemuel_fruit_tree
Snake:4:  snake_pit, layout_concentric_octagons, minmay_shoptagon,
          uniq_saint_roka
Orc:1:    layout_caves, special_room [special_room_bee]
Orc:2:    grunt_orc_tribal_feast, layout_diamond_mine, basic_altar,
          serial_shops, shop
Vaults:1: nicolae_vaults_cornered_office, nicolae_vaults_theta, st_eye,
          hangedman_vaults_pinch, nicolae_vaults_octothorpe,
          hangedman_vaults_slice, nicolae_vaults_tetromino_L_2,
          vaults_mumra_hexcomb, v_misc_30, vaults_dpeg_diagonal,
          layout_vaults_omnibox, uniq_norris
Vaults:2: infiniplex_enter_wizlab_spiral, ontoclasm_vaults_ring_large,
          v_misc_24, nicolae_vaults_little_squares_1, v_misc_24,
          ontoclasm_vaults_eye, nicolae_vaults_meeting,
          nicolae_vaults_tetromino_T_2, v_misc_15, hangedman_vaults_variations,
          ontoclasm_vaults_idyll, nicolae_vaults_wine_cellar,
          layout_vaults_chaotic_city, serial_shops, shop
WizLab:   wizlab_eringya

Skill      XL: |  1  2  3  4  5  6  7  8  9 10 11 12 13 14 15 16 17 18 19 |
---------------+----------------------------------------------------------+-----
Dodging        | 2 3 4 5 6 8 9 10 11 12 13 14 | 14.9
Fighting       | 3 5 6 7 8 9 10 11 12 13 14 | 14.1
Invocations    | 1 2 3 4 7 9 10 11 12 13 14 15 16 | 16.0
Stealth        | 1 2 3 |  3.9
Axes           | 4 6 9 11 12 | 12.1
Evocations     | 3 5 6 |  6.0
Long Blades    | 9 13 15 16 17 18 19 20 | 20.3
Translocations | 4 5 7 8 |  8.0
Spellcasting   | 4 5 |  5.0
Necromancy     | 2 5 6 7 |  7.0
Throwing       | 1 2 3 |  3.8
Alchemy        | 5 |  5.0
Air Magic      | 2 3 |  3.0
Conjurations   | 4 |  4.0

Action                     |  1- 3 |  4- 6 |  7- 9 | 10-12 | 13-15 | 16-18 | 19-21 || total
---------------------------+-------+-------+-------+-------+-------+-------+-------++-------
  Melee: Hand axe          |   121 |   162 |   244 |       |       |       |       ||   527
         Tailslap          |    10 |    15 |    50 |    79 |   164 |   211 |    31 ||   560
         Punch             |       |     1 |     2 |       |       |       |       ||     3
         Battleaxe         |       |       |    31 |   323 |       |       |       ||   354
         War axe           |       |       |     6 |       |       |       |       ||     6
         Triple sword      |       |       |       |   150 |   979 |  1178 |   129 ||  2436
  Throw: Dart              |       |     1 |       |       |    22 |     6 |       ||    29
         Boomerang         |       |       |       |       |     7 |    37 |       ||    44
   Cast: Kiss of Death     |       |     2 |     5 |     1 |       |       |       ||     8
         Fugue of the Fall |       |       |       |       |       |     9 |     2 ||    11
         Blink             |       |       |       |       |       |    11 |     1 ||    12
         Manifold Assault  |       |       |       |       |       |     5 |     1 ||     6
         Mephitic Cloud    |       |       |       |       |       |     2 |     6 ||     8
         Animate Dead      |       |       |       |       |       |     2 |     4 ||     6
 Invoke: Minor Destruction |       |     2 |    42 |    95 |   220 |   211 |     3 ||   573
         Lesser Servant of |       |       |     8 |     5 |    16 |    13 |       ||    42
         Major Destruction |       |       |       |     7 |     8 |    34 |       ||    49
         Greater Servant o |       |       |       |       |       |     5 |     2 ||     7
Ability: Breathe Noxious F |       |       |     2 |     2 |    10 |     5 |       ||    19
  Evoke: Wand              |       |       |       |     2 |       |     4 |       ||     6
         Tin of tremorston |       |       |       |       |       |     4 |       ||     4
         Box of beasts     |       |       |       |       |       |     2 |       ||     2
         Phantom mirror    |       |       |       |       |       |     2 |       ||     2
    Use: Potion            |       |       |     2 |     1 |     7 |    10 |     1 ||    21
         Scroll            |       |       |    11 |     7 |    11 |     6 |       ||    35
   Stab: Sleeping          |     1 |       |     4 |       |       |     3 |       ||     8
         Distracted        |       |       |     2 |       |       |    12 |     2 ||    16
         Confused          |       |       |       |     2 |     2 |     9 |     4 ||    17
 Armour: Skin              |    74 |   108 |   215 |   420 |   809 |   927 |    63 ||  2616
  Dodge: Dodged            |    77 |   128 |   225 |   502 |  1104 |  1461 |   115 ||  3612
  Block: Other             |       |       |       |       |   169 |   276 |    23 ||   468
         Reflection        |       |       |       |       |    29 |    25 |     4 ||    58
